 Dungeon Crawl Stone Soup version 0.28.0-47-ge53b351184 (webtiles) character file.

Game seed: 4123756057760765982

47 NinjaNoafa the Ruffian (level 3, 0/36 HPs)
             Began as a Troll Fighter on May 4, 2022.
             Slain by a hobgoblin (5 damage)
             ... led by Robin
             ... on level 2 of the Dungeon.
             The game lasted 00:03:12 (1151 turns).

NinjaNoafa the Ruffian (Troll Fighter)              Turns: 1151, Time: 00:03:12

Health: 0/36       AC:  4    Str: 26    XL:     3   Next: 48%
Magic:  2/2        EV:  8    Int:  4    God:
Gold:   71         SH:  7    Dex:  9    Spells: 2/2 levels left

rFire   . . .      SeeInvis .     - Unarmed
rCold   . . .      Faith    .   b - +0 kite shield
rNeg    . . .      Spirit   .   a - +0 robe
rPois   .          Reflect  .   (helmet restricted)
rElec   .          Harm     .   (no cloak)
rCorr   .          Rampage  .   (gloves unavailable)
Will    .....                   (boots unavailable)
Stlth   +.........              (no amulet)
HPRegen 0.92/turn               (no ring)
MPRegen 0.08/turn               (no ring)

@: mighty, hasted, very quick
A: large, unfitting armour, claws 3, regeneration 1, shaggy fur 1, tough skin 1
a: no special abilities


You were on level 2 of the Dungeon.
You visited 1 branch of the dungeon, and saw 2 of its levels.

You collected 71 gold pieces.

Inventory:

Armour
 a - a +0 robe (worn)
 b - a +0 kite shield (worn)
Scrolls
 d - a scroll of brand weapon {unknown}
 g - a scroll of enchant weapon {unknown}


   Skills:
 + Level 2.7 Fighting
 + Level 2.7 Dodging
 + Level 2.7 Shields
 * Level 2.9 Unarmed Combat


You had 2 spell levels left.
You didn't know any spells.
Your spell library was empty.

Dungeon Overview and Level Annotations

Branches:
Dungeon (2/15)

Altars:

Annotations:
D:2 Robin


Innate Abilities, Weirdness & Mutations

You are too large for most types of armour.
You have claws for hands.
Your natural rate of healing is unusually fast.
You are covered in fur. (AC +1)
You have tough skin. (AC +1)


Message History

The goblin shouts! x2
The hobgoblin barely misses you. The goblin hits you with a +0 dagger.
You barely miss the goblin. The goblin hits you but does no damage.
Robin throws the goblin at you! The goblin hits you with a +0 dagger.
The goblin closely misses you.
The hobgoblin hits you but does no damage.
You block the goblin's attack. The goblin hits you with a +0 club.
You block the goblin's attack. The goblin closely misses you.
The goblin hits you but does no damage. The goblin hits you with a +0 dagger.
Robin roars a battlecry!
The goblins go into a battle-frenzy!
The hobgoblin closely misses you.
You feel very mighty all of a sudden.
The goblin hits you with a +2 dagger of holy wrath.
You block the goblin's attack. x2; The goblin hits you but does no damage. x2
The goblin hits you with a +0 dagger. The hobgoblin barely misses you.
You scratch the goblin.
You kill the goblin!
You block the goblin's attack.
The goblin hits you with a +0 dagger. x2
The hobgoblin barely misses you. The goblin hits you but does no damage.
You mangle the goblin!!
You kill the goblin!
You block the goblin's attack. The goblin hits you with a +0 club.
You block the hobgoblin's attack. The goblin hits you with a +0 dagger.
The hobgoblin hits you.
The goblin hits you with a +2 dagger of holy wrath.
* * * LOW HITPOINT WARNING * * *
It was a potion of curing.
You feel better. The goblin closely misses you.
The goblin hits you with a +0 club. You block the goblin's attack.
The hobgoblin hits you but does no damage.
The goblin closely misses you. The hobgoblin barely misses you.
Robin hits you with a +0 dagger.
The goblin hits you with a +2 dagger of holy wrath.
* * * LOW HITPOINT WARNING * * *
It was a potion of haste.
You feel yourself speed up. The goblin hits you but does no damage.
The goblin hits you with a +0 club.
* * * LOW HITPOINT WARNING * * *
You block the goblin's attack. The hobgoblin hits you.
You die...

####### ####........
#...........
#..g..#...#
#ggg...#.# ..
#g@g#...#.....#
#ggg.#..#.....#
#.#g..###.....#
#..#..#..#...#
#...###...#.#
#..#...#...# #. ##
....#.....#..# #.. ..
.............#####...
##.
#####.#.....#..#..#..


You could see Robin, 3 hobgoblins and 6 goblins.

Vanquished Creatures
  A dart slug (D:1)
  4 ball pythons
  3 bats
  5 endoplasms
  3 giant cockroaches (D:1)
  5 goblins
  4 hobgoblins (D:1)
  2 jackals (D:2)
  3 kobolds
  2 quokkas (D:1)
  3 frilled lizards
  3 rats
38 creatures vanquished.

Notes
Turn   | Place    | Note
-------+----------+-------------------------------------------
     0 | D:1      | NinjaNoafa the Troll Fighter began the quest for the Orb.
     0 | D:1      | Reached XP level 1. HP: 22/22 MP: 0/0
   146 | D:1      | Reached XP level 2. HP: 29/29 MP: 1/1
   505 | D:1      | Reached XP level 3. HP: 31/36 MP: 2/2
  1072 | D:2      | Found a faded altar of an unknown god.
  1140 | D:2      | Noticed Robin
  1151 | D:2      | Slain by a hobgoblin

Illustrated notes

Levels and vault maps discovered:
D:1:      noname_arrival_rooms_in_the_neighbourhood, layout_basic
D:2:      layout_rooms, ebering_ecumenical_altar_ruins,
          chequers_serial_rivers_room_b, minmay_splitting_lines, uniq_robin

Action                   || total
-------------------------++-------
Melee: Unarmed           ||   118
  Use: Potion            ||     3
 Stab: Sleeping          ||     1
Armor: Robe              ||    43
Dodge: Dodged            ||    52
Block: Kite shield       ||    51
